 Dungeon Crawl Stone Soup version 0.28-a0-447-g1f95980246 (webtiles) character file.

Game seed: 13736159856530260466

2632 Shayle the Martial Artist (level 9, -3/66 HPs)
             Began as a Djinni Warper on Sept 12, 2021.
             Was a Believer of Makhleb.
             Shot with an arrow by a centaur (9 damage)
             ... on level 8 of the Dungeon on Sept 13, 2021.
             The game lasted 00:36:53 (13681 turns).

Shayle the Martial Artist (Djinni Warper)          Turns: 13681, Time: 00:36:55

Health: -3/66      AC:  7    Str: 17    XL:     9   Next: 92%
Gold:   42         EV: 12    Int: 18    God:    Makhleb [**....] SH:  0 Dex: 13

rFire   + + .      SeeInvis +   y - +3 scimitar "Offioshr Jeyr" {vamp, rC- Str+7 Stlth+}
rCold   x . .      Faith    .   (no shield)
rNeg    + . .      Spirit   .   a - +0 leather armour
rPois   ∞          Reflect  .   f - +0 helmet
rElec   .          Harm     .   C - +0 cloak
rCorr   .          Rampage  .   l - +1 pair of gloves
Will    .....                   (boots unavailable)
Stlth   ++........              (no amulet)
HPRegen 0.21/turn               i - ring of see invisible
MPRegen 0.00/turn               c - ring of Conformity {rC+ rN+}

@: flying
A: sickness immunity, fire resistance 2, cold vulnerability 1, float, innate
caster, hp casting, extra vitality 1
a: Renounce Religion, Minor Destruction


You were on level 8 of the Dungeon.
You worshipped Makhleb.
Makhleb was pleased with you.
You visited 2 branches of the dungeon, and saw 9 of its levels.

You collected 303 gold pieces.
You spent 261 gold pieces at shops.

Inventory:

Hand Weapons
 d - a +2 dagger of flaming
 m - a +0 whip of electrocution
 y - the +3 scimitar "Offioshr Jeyr" (weapon) {vamp, rC- Str+7 Stlth+}
   (You bought it in a shop on level 2 of the Dungeon)

   It occasionally heals its wielder for a portion of the damage dealt when it
   wounds a living foe.
   Str:       It affects your strength (+7).
   rC:        It makes you vulnerable to cold.
   Stlth:     It makes you more stealthy.
Missiles
 b - a curare-tipped dart
 w - 10 boomerangs (quivered)
Armour
 a - a +0 leather armour (worn)
 f - a +0 helmet (worn)
 l - a +1 pair of gloves (worn)
 C - a +0 cloak (worn)
Jewellery
 c - the ring of Conformity (right hand) {rC+ rN+}
   (You acquired it on level 5 of the Dungeon)

   [ring of protection from cold]

   rC:        It protects you from cold.
   rN:        It protects you from negative energy.
 i - a ring of see invisible (left hand)
 j - a ring of protection from fire
 p - a +4 ring of slaying
Wands
 s - a wand of paralysis (3)
 u - a wand of iceblast (5)
Scrolls
 g - 2 scrolls of magic mapping
 h - 2 scrolls of noise
 r - 5 scrolls of fear
 t - 4 scrolls of brand weapon
 x - a scroll of summoning
 A - a scroll of identify
 D - a scroll of teleportation
Potions
 e - 4 potions of flight
 k - a potion of might
 n - a potion of cancellation
 o - 2 potions of brilliance
 q - a potion of haste
 v - 2 potions of attraction
 z - a potion of heal wounds {unknown}
 B - 2 potions of curing


   Skills:
 + Level 6.2 Fighting
 - Level 0.7 Throwing
 - Level 1.0 Armour
 - Level 2.1 Dodging
 * Level 8.7 Unarmed Combat
 + Level 5.1 Spellcasting
 + Level 4.5 Invocations


You couldn't memorise any spells.
You knew the following spells:

 Your Spells              Type           Power      Damage    Failure   Level
a - Blink                 Tloc           N/A        N/A       3%          2
b - Lesser Beckoning      Tloc           22%        N/A       6%          3
c - Gell's Gravitas       Tloc           11%        N/A       6%          3
d - Teleport Other        Tloc           22%        N/A       6%          3
e - Manifold Assault      Tloc           22%        N/A       47%         5
f - Magic Dart            Conj           88%        1d7       1%          1
g - Slow                  Hex            22%        N/A       3%          2
h - Tukima's Dance        Hex            22%        N/A       6%          3
i - Frozen Ramparts       Ice            44%        1d6       6%          3
Your spell library was empty.

Dungeon Overview and Level Annotations

Branches:
Dungeon (8/15)             Temple (1/1) D:4
   Lair: D:8-11

Altars:
Dithmenos
Hepliaklqana
Kikubaaqudgha
Makhleb
Nemelex Xobeh
Sif Muna
Trog
Xom
Yredelemnul
The Shining One

Shops:
D:2 (

Annotations:
D:5 1 runed translucent door, Crazy Yiuf


Innate Abilities, Weirdness & Mutations

You are immune to sickness and miasma.
You are immune to poison.
Your flesh is very heat resistant. (rF++)
You are vulnerable to cold. (rC-)
You float through the air rather than walking.
You learn spells naturally, not from books.
Your magical power is your life essence.
You have superior vitality. (+4 HP)


Message History

Okay, then.
Casting: Tukima's Dance (dangerous; 6% risk of failure)
Confirm with . or Enter, or press ? or * to list all spells.
You blink.
* * * LOW HITPOINT WARNING * * *
Aiming: Iceblast
Press: ? - help, Shift-Dir - straight line, p - orc warrior The mass of ice explodes!
The iceblast engulfs the orc!
You kill the orc!
Makhleb accepts your kill.
The iceblast engulfs the orc warrior!
The orc warrior is almost dead.
You hear a shout!
The orc warrior hits you!
* * * LOW HITPOINT WARNING * * *
That's the wrong kind of item! (Use * to select it.) Evoke which item? (* to show all) (? for menu, Esc to quit)
Okay, then.
Aiming: Iceblast
Press: ? - help, Shift-Dir - straight line The mass of ice explodes!
The iceblast engulfs the orc warrior.
The orc warrior is almost dead.
The iceblast engulfs the orc!
You kill the orc!
Makhleb accepts your kill. The orc warrior hits you.
* * * LOW HITPOINT WARNING * * *
That's the wrong kind of item! (Use * to select it.) Evoke which item? (* to show all) (? for menu, Esc to quit)
Aiming: Iceblast
Press: ? - help, Shift-Dir - straight line The mass of ice explodes!
The iceblast engulfs the orc warrior.
You kill the orc warrior!
Makhleb accepts your kill.
You feel better.
You see here a +3 trident.
A centaur comes into view.
The centaur wields a +2 shortbow of flaming.
It bursts into flame!
The centaur shoots an arrow.
The arrow hits you!
You die...

##.### ..#.. ##.#<###
#..#... #+####....c.
########.........#
....##.........#@#
....##.#.......#.#
...........>...#.#
....##.#..#.##...#
....##.#..#.##.).#
...............[)#
....##.#..#.##.#.########
....##+#..#.##)#.#)......
..........#.##.#.)[#


You could see a centaur.

Vanquished Creatures
  A water moccasin (D:5)
  An orc warrior (D:8)
  2 black bears
  A sky beast (D:7)
  A necrophage (D:5)
  2 ogres
  A centaur (D:8)
  2 phantoms
  A kobold brigand (D:7)
  3 scorpions
  5 killer bees (D:8)
  4 wights
  3 jellies
  3 hounds
  A centaur zombie (D:7)
  4 orc priests
  A centaur skeleton (D:6)
  Natasha (thrice) (D:3)
  2 orc wizards
  A hound zombie (D:5)
  A hound skeleton (D:4)
  A howler monkey zombie (D:7)
  7 gnolls
  6 adders
  3 white imps
  2 worms
  4 dart slugs
  24 orcs
  3 endoplasms (D:1)
  4 giant cockroaches
  14 hobgoblins
  6 jackals
  7 quokkas
  11 ball pythons
  4 bats
  5 frilled lizards
  16 goblins
  11 kobolds
  4 rats
175 creatures vanquished.

Vanquished Creatures (collateral kills)
  A phantom (D:5)
  3 wights
  A gnoll (D:5)
  An orc (D:4)
  A kobold (D:6)
7 creatures vanquished.

Vanquished Creatures (others)
  4 dancing weapons
  A plant (D:6)
5 creatures vanquished.

Grand Total: 187 creatures vanquished

Notes
Turn   | Place    | Note
-------+----------+-------------------------------------------
     0 | D:1      | Shayle the Djinni Warper began the quest for the Orb.
     0 | D:1      | Reached XP level 1. HP: 18/18 MP: 0/0
   268 | D:1      | Reached XP level 2. HP: 15/23 MP: 0/0
   890 | D:1      | Found a faded altar of an unknown god.
  1230 | D:1      | Reached XP level 3. HP: 23/29 MP: 0/0
  1230 | D:1      | Learned a level 1 spell: Magic Dart
  1803 | D:1      | Reached skill level 3 in Unarmed Combat
  2395 | D:2      | Reached XP level 4. HP: 23/34 MP: 0/0
  2977 | D:2      | Found Jum Okk's Antique Weapon Boutique.
  3541 | D:3      | Noticed Natasha
  3554 | D:3      | Killed Natasha
  3555 | D:3      | Reached XP level 5. HP: 18/40 MP: 0/0
  3555 | D:3      | Learned a level 2 spell: Slow
  3724 | D:3      | Noticed Natasha
  3732 | D:3      | Killed Natasha
  3733 | D:3      | Reached skill level 4 in Unarmed Combat
  4149 | D:3      | Noticed Natasha
  4161 | D:3      | Killed Natasha
  4820 | D:4      | Reached XP level 6. HP: 44/46 MP: 0/0
  5183 | D:4      | Noticed an ogre
  5201 | D:4      | Killed an ogre
  5202 | D:4      | Reached skill level 5 in Unarmed Combat
  5202 | D:4      | Reached XP level 7. HP: 26/51 MP: 0/0
  5202 | D:4      | Learned a level 3 spell: Tukima's Dance
  5503 | D:4      | Found a staircase to the Ecumenical Temple.
  5511 | Temple   | Entered the Ecumenical Temple
  5542 | Temple   | Became a worshipper of Makhleb the Destroyer
  6390 | D:5      | Entered Level 5 of the Dungeon
  6712 | D:5      | Noticed a water moccasin
  6743 | D:5      | Killed a water moccasin
  6744 | D:5      | Reached skill level 1 in Invocations
  6747 | D:5      | Reached XP level 8. HP: 15/58 MP: 0/0
  6782 | D:5      | Identified a scroll of acquirement
  6782 | D:5      | Acquired the ring of Conformity {rC+ rN+}
  6996 | D:5      | Reached skill level 6 in Unarmed Combat
  8928 | D:5      | Found a runed translucent door.
  8929 | D:5      | Noticed Crazy Yiuf
  9020 | D:6      | Reached skill level 5 in Fighting
  9145 | D:6      | Found a shimmering altar of Xom.
  9210 | D:6      | Found a bloodstained altar of Trog.
  9214 | D:6      | Found a sparkling altar of Nemelex Xobeh.
  9214 | D:6      | Found a glowing golden altar of the Shining One.
  9297 | D:6      | Reached * piety under Makhleb
  9471 | D:6      | Reached skill level 7 in Unarmed Combat
 10138 | D:5      | Reached XP level 9. HP: 24/65 MP: 0/0
 10138 | D:5      | Learned a level 3 spell: Frozen Ramparts
 11378 | D:2      | Bought a glimmering scimitar for 261 gold pieces
 11378 | D:2      | Identified the +3 scimitar "Offioshr Jeyr" {vamp, rC- Str+7
                  | Stlth+} (You bought it in a shop on level 2 of the Dungeon)
 11845 | D:7      | Reached skill level 8 in Unarmed Combat
 12845 | D:7      | Reached ** piety under Makhleb
 13542 | D:8      | Reached skill level 5 in Spellcasting
 13670 | D:8      | HP: 1/66 [orc warrior (5)]
 13681 | D:8      | Shot with an arrow by a centaur

Illustrated notes

Levels and vault maps discovered:
D:1:      minmay_arrival_jagged, layout_basic, ebering_ecumenical_altar_mist
D:2:      layout_basic, serial_shops, shop, grunt_ministairs_5
D:3:      layout_loops_corners, roderic_roman_lattice, kennysheep_donut,
          uniq_natasha
D:4:      layout_gridville, minmay_temple_entry_glassed_door
D:5:      layout_loops_ring, minmay_misc_feat_ornament, chequers_arboretum,
          minmay_misc_feat_chi, uniq_crazy_yiuf_cottage
D:6:      corexii_shantytown, layout_basic, grunt_temple_overflow_open
D:7:      layout_basic
D:8:      layout_basic, elyvilon_altar_5, hangedman_misty_isle, uniq_grum,
          uniq_erica
Temple:   regret_index_temple_sphere_string

Skill      XL: |  1  2  3  4  5  6  7  8  9 |
---------------+----------------------------+-----
Unarmed Combat | 3 4 5 7 8 |  8.7
Fighting       | 3 4 5 6 |  6.2
Spellcasting   | 3 4 5 |  5.1
Invocations    | 1 3 4 |  4.5
Throwing       | |  0.7
Armour         | |  1.0
Dodging        | |  2.1

Action                   |  1- 3 |  4- 6 |  7- 9 || total
-------------------------+-------+-------+-------++-------
Melee: Unarmed           |   157 |    22 |       ||   179
       Punch             |     2 |     2 |    11 ||    15
       Dagger            |       |   108 |   456 ||   564
       Scimitar          |       |       |   122 ||   122
Throw: Boomerang         |       |       |     5 ||     5
 Cast: Magic Dart        |    12 |    70 |    74 ||   156
       Slow              |       |     1 |     4 ||     5
       Blink             |       |     5 |     5 ||    10
       Tukima's Dance    |       |       |    20 ||    20
       Frozen Ramparts   |       |       |     1 ||     1
Invok: Minor Destruction |       |       |     2 ||     2
Evoke: Wand              |       |       |     6 ||     6
  Use: Scroll            |       |     6 |    14 ||    20
       Potion            |       |       |     6 ||     6
 Stab: Sleeping          |       |       |     2 ||     2
       Distracted        |       |       |     1 ||     1
       Paralysed         |       |       |     2 ||     2
Armor: Leather armour    |    50 |    48 |   229 ||   327
Dodge: Dodged            |   107 |    78 |   403 ||   588

Table legend: (Time is in decaauts)
 A = Elapsed time spent in this place.
 B = Non-inter-level travel time spent in this place.
 C = Inter-level travel time spent in this place.
 D = Time resting spent in this place.
 E = Time spent auto-exploring this place.
 F = Levels seen in this place.
 G = Mean time per level.
                   A        B        C        D        E       F      G
               +--------+--------+--------+--------+--------+-----+--------+
         Total |  13740 |  13077 |    663 |   3469 |   7191 |   9 | 1526.7 |
       Dungeon |  13693 |  13046 |    647 |   3469 |   7167 |   8 | 1711.6 |
        Temple |     47 |     31 |     16 |      0 |     24 |   1 |   47.0 |
               +--------+--------+--------+--------+--------+-----+--------+

Top non-repeatable levels by time:
     D:4: 2580 daAuts
     D:1: 1984 daAuts
     D:5: 1958 daAuts
     D:6: 1826 daAuts
     D:7: 1776 daAuts
     D:3: 1574 daAuts
     D:2: 1473 daAuts
     D:8: 518 daAuts
  Temple: 47 daAuts
